 Dungeon Crawl Stone Soup version 0.31.0-11-ge490571c62 (webtiles) character file.

Game seed: 5325913807146682091

3025 Ijustatesigmund the Basher (level 9, -2/60 HPs)
             Began as a Gargoyle Fighter on Feb 7, 2024.
             Was an Initiate of Vehumet.
             Killed from afar by an efreet (21 damage)
             ... with a fireball
             ... on level 8 of the Dungeon.
             The game lasted 00:14:05 (6937 turns).

Ijustatesigmund the Basher (Gargoyle Fighter)       Turns: 6937, Time: 00:14:06

Health: -2/60      AC: 18    Str: 20    XL:     9   Next: 85%
Magic:  9/9        EV:  9    Int: 13    God:    Vehumet [......]
Gold:   97         SH:  5    Dex:  9    Spells: 8/8 levels left

rFire   . . .        a - +0 morningstar
rCold   . . .        c - +1 buckler
rNeg    + + .        b - +0 scale mail
rPois   ∞            (no helmet)
rElec   +            g - +2 cloak of the Sky {+Blink rN+}
rCorr   +            o - +1 pair of gloves
SInv    .            (no boots)
Will    .....        r - amulet of regeneration Stlth
                     h - ring of resist corrosion
HPRegen 1.10/turn    m - +4 ring of slaying
MPRegen 0.11/turn

%: no passive effects
@: no status effects
A: sickness immunity, AC +6, negative energy resistance 1, electricity
resistance, torment resistance 1, petrification resistance
a: Renounce Religion, Evoke Blink


You were on level 8 of the Dungeon.
You worshipped Vehumet.
Vehumet was noncommittal.
You visited 2 branches of the dungeon, and saw 9 of its levels.
You also visited: Sewer.

You collected 325 gold pieces.
You spent 228 gold pieces at shops.

Inventory:

Hand Weapons
 a - a +0 morningstar (weapon)
Armour
 b - a +0 scale mail (worn)
 c - a +1 buckler (worn)
 e - a +2 robe of cold resistance
 g - the +2 cloak of the Sky (worn) {+Blink rN+}
   (You found it on level 3 of the Dungeon)

   rN+:       It protects you from negative energy.
   +Blink:    It lets you blink.
 o - a +1 pair of gloves (worn)
 t - the +5 chain mail of Undesirable Species {rPois rF- rN+++ MP-9}
   (You bought it in a shop on level 2 of the Dungeon)

   rF-:       It makes you vulnerable to fire.
   rPois:     It protects you from poison rN+++: It renders you almost immune to
   negative energy.
   MP-9:      It affects your magic capacity (-9).
Jewellery
 h - a ring of resist corrosion (left hand)
 m - a +4 ring of slaying (right hand)
 r - an amulet of regeneration (around neck)
 u - a ring of protection from fire
Wands
 d - a wand of charming (25)
 q - a wand of flame (18)
 s - a wand of mindburst (13)
Scrolls
 i - a scroll of immolation {unknown}
 v - a scroll of identify
Potions
 j - a potion of lignification
 k - a potion of heal wounds {unknown}
 l - a potion of berserk rage {unknown}
 n - a potion of cancellation


   Skills:
 + Level 8.5 Fighting
 + Level 9.3 Maces & Flails
 - Level 3.2 Armour
 - Level 3.2 Shields
 + Level 6.0 Evocations


You had 8 spell levels left.
You didn't know any spells.
Your spell library contained the following spells:

 Spells                   Type           Power      Damage    Failure   Level
 Slow                     Hex            0%         N/A       73%         1
 Jinxbite                 Hex            0%         N/A       86%         2
 Confusing Touch          Hex            0%         N/A       97%         3
 Sigil of Binding         Hex            0%         N/A       97%         3
 Vampiric Draining        Necr           0%         2d6       97%         3
 Vhi's Electric Charge    Tloc/Air       0%         N/A       100%        4
 Arcjolt                  Conj/Air       0%         1d10      100%        5
 Yara's Violent Unravell  Hex/Alch       0%         3d3       100%        5
 Plasma Beam              Fire/Air       0%         2x1d10    100%        6
 Enfeeble                 Hex            0%         N/A       100%        7


Dungeon Overview and Level Annotations

Branches:
Dungeon (8/15)             Temple (1/1) D:7           Sewer (visited)
   Lair: D:8-11

Altars:
Ashenzari
Cheibriados
Dithmenos
Elyvilon
Fedhas
Gozag
Hepliaklqana
Kikubaaqudgha
Makhleb
Nemelex Xobeh
Qazlal
Ru
Sif Muna
Trog
Uskayaw
Vehumet
Wu Jian
Xom
Yredelemnul
Zin
The Shining One

Shops:
D:1 =   D:2 [


Innate Abilities, Weirdness & Mutations

You are immune to sickness and miasma.
Your stone body is resilient. (AC +6)
You are immune to poison.
You resist negative energy. (rN+)
You are resistant to electric shocks. (rElec)
You are resistant to unholy torment.
You are immune to petrification.


Message History

The orc closely misses you.
You hit the orc but do no damage.
The orc is severely wounded.
The orc closely misses you.
You barely miss the orc.
The orc is severely wounded.
The orc hits you with a +0 hand axe.
You bludgeon the orc!!
You kill the orc!
Vehumet accepts your kill.
No target in view!
No target in view!
Things that are here:
a +0 hand axe; a +1 leather armour of willpower Done exploring.
Done exploring.
There is a stone staircase leading down here.
You climb downwards.
There is a stone staircase leading up here.
l - a purple potion You open the door.
A centaur warrior and an efreet come into view.
The efreet is wielding a +3 scimitar of flaming.
Found two escape hatches in the ceiling and two escape hatches in the floor.
The centaur warrior wields a +0 shortbow.
The centaur warrior shoots an arrow.
The arrow hits you!
There is an open door here.
Okay, then.
As you read the scroll of fog, it dissolves into smoke.
The centaur warrior shoots an arrow.
The arrow hits you!!
The centaur warrior shoots an arrow.
The arrow closely misses you.
The centaur warrior shoots an arrow.
The arrow completely misses you.
The centaur warrior shoots an arrow.
The arrow hits you!
The centaur warrior shoots an arrow.
The arrow hits you!
* * * LOW HITPOINT WARNING * * *
The centaur warrior shoots an arrow.
The arrow closely misses you.
There is a stone staircase leading up here.
The efreet gestures at you.
The fireball explodes!
The fireball engulfs you!!
You die...

#### ###<.>#
###.#.c.#
###...#...#
###...§.#...#
###....c§§#§§.#
#@..R☼..§§§§..+
###....§§§#§§.#
###...§§#§§.#
###.§§#☼..#
###§#.○.#
###<.># ####


You could see a centaur warrior and an efreet.

Vanquished Creatures
  Pikel (D:7)
  Maurice (D:7)
  Sigmund (D:2)
  An ice beast (D:7)
  An orc warrior (D:7)
  2 black bears
  3 ogres
  A phantom (D:5)
  2 kobold brigands
  2 bullfrogs
  4 scorpions
  4 wights (D:6)
  A jelly (D:5)
  A howler monkey (D:5)
  A bombardier beetle (D:6)
  2 hounds
  An orc priest (D:5)
  An iguana (D:7)
  Jessica (D:2)
  A sleepcap (D:5)
  3 orc wizards
  A hell rat (Sewer)
  3 river rats
  2 adders (D:3)
  7 gnolls
  A white imp (D:6)
  4 dart slugs (D:1)
  A ribbon worm (D:2)
  16 orcs
  2 ball pythons
  6 endoplasms
  3 giant cockroaches
  5 goblins
  9 hobgoblins
  9 jackals
  2 quokkas
  5 bats
  2 frilled lizards
  16 kobolds
  10 rats
139 creatures vanquished.

Notes
Turn   | Place    | Note
-------+----------+-------------------------------------------
     0 | D:1      | Ijustatesigmund the Gargoyle Fighter began the quest for
                  | the Orb.
     0 | D:1      | Reached XP level 1. HP: 14/14 MP: 1/1
    62 | D:1      | Reached XP level 2. HP: 18/19 MP: 2/2
   207 | D:1      | Found Qugo's Jewellery Shoppe.
   452 | D:1      | Reached skill level 3 in Maces & Flails
   452 | D:1      | Reached XP level 3. HP: 24/24 MP: 3/3
  1013 | D:2      | Found a faded altar of an unknown god.
  1036 | D:2      | Noticed Sigmund
  1063 | D:3      | Identified the +2 cloak of the Sky {+Blink rN+}
  1141 | D:3      | Reached XP level 4. HP: 28/29 MP: 4/4
  1241 | D:3      | Found a broken altar of Ashenzari.
  1443 | D:3      | Reached skill level 4 in Maces & Flails
  1848 | D:4      | Noticed an ogre
  1856 | D:4      | Killed an ogre
  1857 | D:4      | Reached skill level 5 in Maces & Flails
  1857 | D:4      | Reached XP level 5. HP: 33/33 MP: 5/5
  1887 | D:4      | Found a glowing drain.
  1914 | Sewer    | Entered a sewer
  1979 | Sewer    | Reached XP level 6. HP: 31/38 MP: 6/6
  2373 | D:4      | Found a blossoming altar of Fedhas.
  2376 | D:4      | Found a glowing golden altar of the Shining One.
  2380 | D:4      | Found a bloodstained altar of Trog.
  2383 | D:4      | Reached skill level 6 in Maces & Flails
  2661 | D:5      | Entered Level 5 of the Dungeon
  3124 | D:5      | Reached skill level 1 in Evocations
  3124 | D:5      | Reached XP level 7. HP: 29/44 MP: 7/7
  3672 | D:5      | Reached skill level 5 in Fighting
  3672 | D:5      | Reached skill level 7 in Maces & Flails
  3798 | D:6      | Reached XP level 8. HP: 49/50 MP: 8/8
  4568 | D:6      | Reached skill level 8 in Maces & Flails
  4924 | D:2      | Found Naybliez's Antique Armour Emporium.
  4935 | D:2      | Bought an ichor-stained chain mail for 228 gold pieces
  4935 | D:2      | Identified the +5 chain mail of Undesirable Species {rPois
                  | rF- rN+++ MP-9} (You bought it in a shop on level 2 of the
                  | Dungeon)
  5154 | D:2      | Noticed Jessica
  5158 | D:2      | Killed Jessica
  5210 | D:2      | Killed Sigmund
  5611 | D:7      | Reached XP level 9. HP: 36/57 MP: 5/9
  5619 | D:7      | Noticed Maurice
  5626 | D:7      | Maurice stole an amulet of regeneration
  5627 | D:7      | Maurice stole 51 gold
  5628 | D:7      | Maurice stole 3 throwing nets
  5686 | D:7      | Something stole a throwing net
  6137 | D:7      | Noticed Pikel
  6152 | D:7      | Killed Pikel
  6153 | D:7      | Reached skill level 5 in Evocations
  6233 | D:7      | Reached skill level 9 in Maces & Flails
  6415 | D:7      | Found a staircase to the Ecumenical Temple.
  6424 | Temple   | Entered the Ecumenical Temple
  6472 | Temple   | Became a worshipper of Vehumet
  6589 | D:7      | Something stole 33 gold
  6641 | D:7      | Killed Maurice
  6926 | D:8      | Noticed a centaur warrior
  6926 | D:8      | Noticed an efreet
  6937 | D:8      | Killed from afar by an efreet

Illustrated notes

Levels and vault maps discovered:
D:1:      matt_arrival_los_fun, layout_loops_cross, serial_shops,
          nicolae_shop_tiny_glass
D:2:      layout_rooms, dreamdust_ecumenical_altar_angels_and_demons,
          serial_shops, nicolae_shop_hallway_plus, grunt_decor_junction,
          uniq_sigmund, uniq_jessica
D:3:      layout_basic, nicolae_ashenzari_panopticon, corexii_corridor_pit
D:4:      layout_loops_ring, grunt_temple_overflow_diamond, portal_sewer_entry_c
D:5:      layout_loops_corners
D:6:      layout_loops_cross, serial_rivers, chequers_serial_rivers_room_a,
          chequers_serial_rivers_micro_c, chequers_serial_rivers_large_b,
          chequers_serial_rivers_micro_b, chequers_serial_rivers_micro_c
D:7:      layout_basic, temple_green, serial_rivers,
          chequers_serial_rivers_small_a, chequers_serial_rivers_room_a,
          chequers_serial_rivers_micro_a, chequers_serial_rivers_small_3,
          chequers_serial_rivers_room_b, chequers_serial_rivers_small_b,
          uniq_pikel, uniq_maurice
D:8:      minmay_diamond_stairs, layout_basic,
          mainiacjoe_overflow_small_starburst, lair_entry_dummy, glass_columns_a
Temple:   minmay_crystal_spiral_temple

Skill      XL: |  1  2  3  4  5  6  7  8  9 |
---------------+----------------------------+-----
Maces & Flails | 3 5 6 7 8 9 |  9.3
Fighting       | 4 5 7 8 |  8.5
Evocations     | 1 2 4 6 |  6.0
Armour         | |  3.2
Shields        | |  3.2

Action                     |  1- 3 |  4- 6 |  7- 9 || total
---------------------------+-------+-------+-------++-------
  Melee: Flail             |   115 |   142 |   103 ||   360
         Morningstar       |       |       |   224 ||   224
  Throw: Throwing net      |       |       |     1 ||     1
  Evoke: Wand              |       |       |     3 ||     3
    Use: Scroll            |     1 |     9 |     5 ||    15
         Potion            |       |     1 |    11 ||    12
 Armour: Scale mail        |    88 |    92 |   281 ||   461
         Skin              |       |       |    24 ||    24
  Dodge: Dodged            |    65 |    50 |   111 ||   226
  Block: Buckler           |    18 |    29 |    73 ||   120
